 Dungeon Crawl Stone Soup version 0.29-a0-22-gbf593b16ee (webtiles) character file.

Game seed: 10913660643913697467

184 innerfire433 the Stinger (level 5, -1/49 HPs)
             Began as a Troll Wanderer on Jan 29, 2022.
             Splashed by a jelly's acid (11 damage)
             ... on level 4 of the Dungeon.
             The game lasted 00:06:31 (2654 turns).

innerfire433 the Stinger (Troll Wanderer)           Turns: 2654, Time: 00:06:32

Health: -1/49      AC: -11   Str: 21    XL:     5   Next: 36%
Magic:  6/6        EV:  9    Int: 13    God:
Gold:   149        SH:  0    Dex: 11    Spells: 6/7 levels left

rFire   . . .      SeeInvis .   j - +0 dagger (speed)
rCold   . . .      Faith    .   (no shield)
rNeg    . . .      Spirit   .   b - +0 robe
rPois   .          Reflect  .   (helmet restricted)
rElec   .          Harm     .   q - +0 cloak
rCorr   .          Rampage  .   (gloves unavailable)
Will    .....                   (boots unavailable)
Stlth   +.........              (no amulet)
HPRegen 0.96/turn               d - +6 ring of dexterity
MPRegen 0.10/turn               (no ring)

@: corroded
A: large, unfitting armour, claws 3, regeneration 1, shaggy fur 1, tough skin 1
a: no special abilities


You were on level 4 of the Dungeon.
You visited 1 branch of the dungeon, and saw 4 of its levels.

You collected 149 gold pieces.

Inventory:

Hand Weapons
 a - a +0 club
 j - a +0 dagger of speed (weapon)
Armour
 b - a +0 robe (worn)
 q - a +0 cloak (worn)
Jewellery
 d - a +6 ring of dexterity (left claw)
Wands
 n - a wand of acid (10)
 o - a wand of mindburst (15)
Scrolls
 c - 5 scrolls of identify {unknown}
 e - 2 scrolls of holy word {unknown}
 g - 3 scrolls of amnesia {unknown}
 h - 2 scrolls of silence {unknown}
 k - a scroll of vulnerability {unknown}
 l - a scroll of noise {unknown}
Potions
 f - 2 potions of heal wounds {unknown}
 i - a potion of might {unknown}
 m - 3 potions of lignification {unknown}
 p - a potion of brilliance {unknown}


   Skills:
 + Level 1.8 Fighting
 * Level 1.9 Short Blades
 - Level 1.2 Throwing
 - Level 1.2 Dodging
 + Level 1.7 Spellcasting
 + Level 1.7 Transmutations
 - Level 2.3 Poison Magic
 + Level 1.6 Evocations


You had 6 spell levels left.
You knew the following spells:

 Your Spells              Type           Power      Damage    Failure   Level
a - Beastly Appendage     Tmut           10%        N/A       13%         1

Your spell library contained the following spells:

 Spells                   Type           Power      Damage    Failure   Level
 Sting                    Tmut/Pois      24%        1d4       12%         1
 Poisonous Vapours        Pois/Air       8%         N/A       24%         2
 Spider Form              Tmut/Pois      6%         N/A       34%         3
 Gell's Gravitas          Tloc           1%         N/A       61%         3
 Lesser Beckoning         Tloc           1%         N/A       61%         3
 Summon Guardian Golem    Hex/Summ       1%         N/A       61%         3
 Teleport Other           Tloc           1%         N/A       61%         3
 Olgreb's Toxic Radiance  Pois           7%         N/A       69%         4
 Orb of Destruction       Conj           0%         9d5       100%        7
 Spellforged Servitor     Conj/Summ      0%         N/A       100%        7


Dungeon Overview and Level Annotations

Branches:
Dungeon (4/15)
 Temple: D:4-7

Altars:

Shops:
D:1 [   D:3 *[[


Innate Abilities, Weirdness & Mutations

You are too large for most types of armour.
You have claws for hands.
Your natural rate of healing is unusually fast.
You are covered in fur. (AC +1)
You have tough skin. (AC +1)


Message History

As you open the door, it creaks loudly!
Found 13 bolts.
There is an open door here.
Casting: Beastly Appendage (safe; 13% risk of failure)
Confirm with . or Enter, or press ? or * to list all spells.
Okay, then.
You're too inexperienced to learn that spell!
Okay, then.
There is an open door here.
You see here 13 bolts.
An adder skeleton and a jelly come into view.
Found a viscous coppery potion.
Found a stone staircase leading down.
The jelly quivers.
You hit the adder skeleton.
The adder skeleton is moderately damaged.
The adder skeleton closely misses you.
You hit the adder skeleton.
The adder skeleton is severely damaged.
You hit the adder skeleton.
You destroy the adder skeleton!
The jelly barely misses you.
You hit the jelly. The acid corrodes you!
Your claws burn!
The jelly is lightly wounded.
The jelly hits you.
You are splashed with acid!
You hit the jelly but do no damage.
Your claws burn!
The jelly is lightly wounded.
The jelly hits you.
You are splashed with acid.
You hit the jelly.
Your claws burn!
The jelly is lightly wounded.
You hit the jelly. The acid corrodes you!
Your claws burn!
The jelly is moderately wounded.
The jelly hits you.
You are splashed with acid!
* * * LOW HITPOINT WARNING * * *
You hit the jelly but do no damage. The acid corrodes you!
Your claws burn!
* * * LOW HITPOINT WARNING * * *
The jelly is moderately wounded.
The jelly hits you.
* * * LOW HITPOINT WARNING * * *
The acid corrodes you!
You are splashed with acid!
You die...

#####........
............. >#....
####......... .#...
####'#######. ....
...........# J..
...........# ..##
...........# ...
.#######...########.#.##
.# #(..#(...@......# .#
#...#.##..J#.#..# .#
#...'.##...#.# # .#
#...########.. .# #)..#
Z.. .#######...# ....
...........# .##..
...........# .# #.!
...........#


You could see a jelly.

Vanquished Creatures
  A hound (D:4)
  An iguana (D:4)
  3 adders
  An adder skeleton (D:4)
  A worm (D:3)
  5 dart slugs
  An orc (D:3)
  8 endoplasms
  6 giant cockroaches
  4 goblins
  4 hobgoblins (D:2)
  8 quokkas
  4 ball pythons
  7 bats
  2 frilled lizards
  7 kobolds
  26 rats
89 creatures vanquished.

Notes
Turn   | Place    | Note
-------+----------+-------------------------------------------
     0 | D:1      | innerfire433 the Troll Wanderer began the quest for the
                  | Orb.
     0 | D:1      | innerfire433 set off with the following items: a +0 club, a
                  | +0 robe; and the following spells available to memorise:
                  | Sting, Beastly Appendage, Poisonous Vapours, Spider Form,
                  | Olgreb's Toxic Radiance
     0 | D:1      | Reached XP level 1. HP: 19/19 MP: 1/1
     5 | D:1      | Learned a level 1 spell: Beastly Appendage
   145 | D:1      | Reached XP level 2. HP: 18/27 MP: 2/2
   290 | D:1      | Found Baonir's Antique Armour Boutique.
   637 | D:2      | Reached XP level 3. HP: 33/33 MP: 4/4
  1267 | D:2      | Reached skill level 1 in Short Blades
  1270 | D:2      | Reached XP level 4. HP: 41/41 MP: 5/5
  1568 | D:3      | Found Goijij's Antique Armour Shop.
  1607 | D:3      | Found Pompuic's Armour Shop.
  2149 | D:3      | Found Gaamn's Assorted Antiques.
  2359 | D:4      | Reached XP level 5. HP: 39/49 MP: 6/6
  2654 | D:4      | Splashed by a jelly's acid

Illustrated notes

Levels and vault maps discovered:
D:1:      elethiomel_arrival_quiet, layout_rooms, serial_shops,
          nicolae_shop_statue_plus
D:2:      minmay_recursive_quarters, layout_basic, serial_glass,
          glass_columns_a, glass_columns_a, minmay_rat_hole
D:3:      layout_loops_ring, serial_shops, shop, nicolae_square_shop,
          nicolae_shop_hallway_stairs, eino_tiny_chamber,
          nicolae_elevator_lobby_asterisk
D:4:      layout_basic, chei_slow_surprise, kennysheep_path_1

Skill      XL: |  1  2  3 |
---------------+----------+-----
Short Blades   | 1 |  1.9
Fighting       | |  1.8
Throwing       | |  1.2
Dodging        | |  1.2
Spellcasting   | |  1.7
Transmutations | |  1.7
Poison Magic   | |  2.3
Evocations     | |  1.6

Action                   |  1- 3 |  4- 6 || total
-------------------------+-------+-------++-------
Melee: Club              |   100 |       ||   100
       Dagger            |   143 |   217 ||   360
       Punch             |     4 |       ||     4
       Kick              |     1 |       ||     1
 Cast: Beastly Appendage |     2 |       ||     2
Armor: Robe              |    85 |    51 ||   136
Dodge: Dodged            |    96 |    74 ||   170

Table legend: (Time is in decaauts)
 A = Elapsed time spent in this place.
 B = Non-inter-level travel time spent in this place.
 C = Inter-level travel time spent in this place.
 D = Time resting spent in this place.
 E = Time spent auto-exploring this place.
 F = Levels seen in this place.
 G = Mean time per level.
                   A        B        C        D        E       F      G
               +--------+--------+--------+--------+--------+-----+--------+
         Total |   2550 |   2507 |     43 |      0 |   1826 |   4 |  637.5 |
       Dungeon |   2550 |   2507 |     43 |      0 |   1826 |   4 |  637.5 |
               +--------+--------+--------+--------+--------+-----+--------+

Top non-repeatable levels by time:
     D:2: 893 daAuts
     D:3: 770 daAuts
     D:1: 555 daAuts
     D:4: 330 daAuts
